 Dungeon Crawl Stone Soup version 0.19-a0-1532-g228a5d9 (webtiles) character file.

121 Alarkh the Slasher (level 4, -4/33 HPs)
             Began as a Mummy Skald on Sept 13, 2016.
             Shot with an arrow by a centaur (6 damage)
             ... on level 3 of the Dungeon.
             The game lasted 00:03:41 (2734 turns).

Alarkh the Slasher (Mummy Skald)                    Turns: 2734, Time: 00:03:41

Health: -4/33      AC:  4    Str: 15    XL:     4   Next: 76%
Magic:  7/8        EV: 11    Int: 17    God:
Gold:   86         SH:  0    Dex: 11    Spells: 3 memorised, 2 levels left

rFire  x . .     SeeInvis .     a - +0 falchion
rCold  + . .     Gourm    .     b - +0 leather armour
rNeg   + + +     Faith    .     (no shield)
rPois  ∞         Spirit   .     (no helmet)
rElec  .         Dismiss  .     d - +0 cloak
rCorr  .         Reflect  .     (no gloves)
MR     .....     Harm     .     (no boots)
Stlth  ++........               (no amulet)
                                i - ring of stealth
                                g - +5 ring of intelligence

@: infused
A: no food or potions, fire vulnerability, cold resistance 1, negative energy
resistance 3, torment resistance, unbreathing
a: no special abilities


You were on level 3 of the Dungeon.
You were not hungry.

You visited 1 branch of the dungeon, and saw 3 of its levels.

You collected 86 gold pieces.

Inventory:

Hand Weapons
 a - a +0 falchion (weapon)
Armour
 b - a +0 leather armour (worn)
 d - a +0 cloak (worn)
Jewellery
 g - a +5 ring of intelligence (left hand)
 i - a ring of stealth (right hand)
Scrolls
 j - a scroll of immolation {unknown}
 k - a scroll of amnesia {unknown}
Books
 c - a book of Battle

   Spells                             Type                      Level
   a - Infusion                       Charms                       1
   b - Shroud of Golubria             Charms/Translocation         2
   c - Song of Slaying                Charms                       2
   d - Spectral Weapon                Hexes/Charms                 3
   e - Regeneration                   Charms/Necromancy            3


   Skills:
 - Level 2.0 Fighting
 * Level 3.2 Long Blades
 - Level 0.7 Armour
 - Level 0.7 Dodging
 + Level 2.7 Spellcasting
 + Level 3.0 Charms


You had 2 spell levels left.
You knew the following spells:

 Your Spells              Type           Power        Failure   Level  Hunger
a - Infusion              Chrm           ##..         10%         1    N/A
b - Shroud of Golubria    Chrm/Tloc      #.........   21%         2    N/A
c - Spectral Weapon       Hex/Chrm       #.......     38%         3    N/A

Dungeon Overview and Level Annotations

Branches:
Dungeon (3/15)

Altars:
Cheibriados
Gozag

Annotations:
D:3 epen's ghost, amateur MfMo


Innate Abilities, Weirdness & Mutations

You do not eat or drink.
Your flesh is vulnerable to fire.
You are immune to poison.
Your flesh is cold resistant. (rC+)
You are immune to negative energy. (rN+++)
You are immune to unholy pain and torment.
You can survive without breathing.


Message History

An orc comes into view. It is wielding a short sword.
You see here an arrow.
You are too injured to fight recklessly!
The centaur shoots an arrow.
The arrow hits you!
* * * LOW HITPOINT WARNING * * *
You see here an arrow.
As you read the scroll labeled BAUFUC JONAU, it crumbles to dust.
The scroll dissolves into smoke.
It was a scroll of fog.
Okay, then.
Firing (i - inventory): No suitable missiles.
Press: ? - help, Shift-Dir - straight line, f - you
Okay, then.
Unknown command.
As you read the scroll labeled FAIKHI JYIS, it crumbles to dust.
You feel aware of your surroundings.
It was a scroll of magic mapping.
As you read the scroll labeled MECEICO HEVEO, it crumbles to dust.
You hear snatches of song.
It was a scroll of random uselessness.
The centaur shoots an arrow.
The arrow hits you.
You die...

,,,,,,,* #.# ##.#..((###.##.##.##
******** #.# #......###.##.##.##
#.# ####.......##......
********#.#* ##...#####......
**,,,,,,,...### #...# #.##.##
,,,,***#,.....# #)).# #.##.##
,,,,,,*#.#.##.#####..!#####.##...
,,,,*,*#(..##.#§§.........#.###.#
,,,,*,*#......c§@§..........###.#
,,,,*,*#..###(#§§................
,,,,*,.$....w.#####%..####.####..
,,,,,,.....c..# #..(# #.####..
******..#.##.## #...# #..<....
*,,#,*#c* #...# #######.
*,,*,*#.* ##.## #. *,,*,*#.* #÷#
## **** *,,,,,o.* #.############


You could see a centaur.

Vanquished Creatures
  3 adders (D:2)
  An ooze (D:1)
  A worm (D:2)
  4 dart slugs
  An orc (D:3)
  2 bats
  7 giant cockroaches
  8 goblins
  9 hobgoblins
  13 jackals
  2 quokkas
  2 ball pythons
  4 giant newts
  9 kobolds
  4 rats
70 creatures vanquished.

Notes
Turn   | Place    | Note
-------+----------+-------------------------------------------
     0 | D:1      | Alarkh the Mummy Skald began the quest for the Orb.
     0 | D:1      | Reached XP level 1. HP: 16/16 MP: 3/3
   358 | D:1      | Reached XP level 2. HP: 15/22 MP: 0/5
   872 | D:1      | Reached XP level 3. HP: 14/27 MP: 0/6
  1398 | D:2      | Learned a level 2 spell: Shroud of Golubria
  1402 | D:2      | Learned a level 3 spell: Spectral Weapon
  1702 | D:2      | Found a snail-covered altar of Cheibriados.
  1720 | D:2      | Reached XP level 4. HP: 30/33 MP: 1/7
  1811 | D:2      | Found an opulent altar of Gozag.
  2292 | D:3      | Noticed epen's ghost (amateur MfMo)
  2726 | D:3      | Noticed a centaur
  2734 | D:3      | Shot with an arrow by a centaur

Vault maps used:
D:1:      kilobyte_arrival_exit_the_forest, minmay_hedge_maze
D:2:      kennysheep_slug_shrine, first_bread, nicolae_gozag_seed_capital

Skill      XL: |  1  2  3  4 |
---------------+-------------+-----
Long Blades    | 2 3 |  3.2
Charms         | 3 |  3.0
Fighting       | |  2.0
Armour         | |  0.7
Dodging        | |  0.7
Spellcasting   | |  2.7

Action                   |  1- 3 |  4- 6 || total
-------------------------+-------+-------++-------
Melee: Falchion          |   163 |    95 ||   258
 Cast: Infusion          |    18 |    10 ||    28
       Shroud of Golubri |       |     1 ||     1
       Spectral Weapon   |       |     1 ||     1
  Use: Scroll            |       |     3 ||     3
 Stab: Sleeping          |       |     3 ||     3
       Distracted        |       |     1 ||     1
Armor: Leather armour    |    41 |    18 ||    59
Dodge: Dodged            |    76 |    51 ||   127
